 Dungeon Crawl Stone Soup version 0.19.5 (console) character file.

1401 Homage the Carver (level 9, -1/64 HPs)
             Began as a Formicid Fighter on Mar 24, 2017.
             Slain by Duvessa
             ... wielding a +0 rapier
              (5 damage)
             ... on level 4 of the Dungeon.
             The game lasted 00:29:13 (5396 turns).

Homage the Carver (Formicid Fighter)                Turns: 5396, Time: 00:29:14

Health: -1/64      AC: 13    Str: 20    XL:     9   Next: 1%
Magic:  9/9        EV:  6    Int:  9    God:
Gold:   188        SH: 10    Dex: 13    Spells: 0 memorised, 8 levels left

rFire  . . .     SeeInvis +     a - +1 long sword
rCold  + . .     Gourm    .     d - +0 plate armour
rNeg   . . .     Faith    .     c - +0 shield
rPois  .         Spirit   .     (helmet unavailable)
rElec  .         Reflect  .     h - +0 cloak
rCorr  .         Harm     .     i - +0 pair of gloves
MR     .....                    (no boots)
Stlth  ..........               (no amulet)
                                (no ring)
                                (no ring)

@: very slightly contaminated, invisible (expiring)
A: permanent stasis, dig shafts and tunnels, four strong arms, antennae 3, cold
resistance 1
a: Dig, Shaft Self


You were on level 4 of the Dungeon.
You were hungry.

You visited 1 branch of the dungeon, and saw 6 of its levels.

You collected 276 gold pieces.
You spent 88 gold pieces at shops.

Inventory:

Hand Weapons
 a - a +1 long sword (weapon)
Armour
 c - a +0 shield (worn)
 d - a +0 plate armour (worn)
 h - a +0 cloak (worn)
 i - a +0 pair of gloves (worn)
 v - a +0 buckler
Wands
 q - a wand of digging (14/24)
Scrolls
 b - 2 scrolls of teleportation {unknown}
 e - 2 scrolls of enchant armour
 j - 2 scrolls of amnesia {unknown}
 m - 2 scrolls of magic mapping {unknown}
 n - a scroll of recharging {unknown}
 o - a scroll of enchant weapon
 p - 2 scrolls of remove curse {unknown}
Potions
 g - a potion of curing
 u - a potion of resistance
 w - a potion of flight
Comestibles
 f - 4 bread rations
 s - 3 fruits
 t - a slice of pizza


   Skills:
 - Level 3.2 Fighting
 - Level 8.5 Long Blades
 + Level 3.2 Armour
 - Level 4.0 Dodging
 - Level 6.1 Shields


You had 8 spell levels left.
You didn't know any spells.

Dungeon Overview and Level Annotations

Branches:
Dungeon (6/15)
 Temple: D:4-7

Altars:

Shops:
D:4 *

Annotations:
D:4 Duvessa


Innate Abilities, Weirdness & Mutations

You are under a permanent stasis effect.
You can dig through walls and to a lower floor.
Your four strong arms can wield two-handed weapons with a shield.
You have a pair of large antennae on your head. (SInv)
Your flesh is cold resistant. (rC+)


Message History

Duvessa is almost dead.
Duvessa hits you but does no damage.
You catch the helpless Duvessa completely off-guard!
You hit Duvessa but do no damage.
Duvessa is almost dead.
Your plate armour prevents you from hitting Duvessa.
Duvessa is almost dead.
Duvessa hits you with a rapier.
* * * LOW HITPOINT WARNING * * *
You closely miss Duvessa.
Duvessa is almost dead.
Duvessa shakes in a combination of rage and grief.
Duvessa hits you but does no damage. Duvessa barely misses you.
You see here a giant club.
You flicker for a moment.
You hit Duvessa.
Duvessa is almost dead.
Duvessa hits you with a rapier.
You die...

#≈≈≈≈≈≈≈≈≈#...#...)..........')..
#≈≈≈≈≈≈≈≈≈#...#...)..........#)).
#≈≈≈≈≈≈≈≈≈#...###################
#≈≈≈≈≈≈≈≈≈#####≈≈≈≈≈≈≈≈≈≈≈≈≈≈≈≈≈≈
#≈≈≈≈≈≈≈≈≈≈≈≈≈≈≈≈≈≈≈≈≈≈≈≈≈≈≈≈≈≈≈≈
#≈≈≈≈≈≈≈≈≈≈≈≈≈≈≈≈≈≈≈≈≈≈≈≈≈≈≈≈≈≈≈≈
#.≈≈≈≈≈≈.≈≈≈≈≈≈.≈.≈≈≈...≈..≈...≈≈
#................e...............
#...............@........).......
#########.###.#########..######.#
#.....#>..............)..
#####...#################
###.#### ####### #....#####.....#
###########...........# #.....#
###...........#
#.###.###............## ##


You could see Duvessa.

Vanquished Creatures
  Menkaure (D:4)
  2 ogres (D:4)
  7 big kobolds (D:4)
  Dowan (D:4)
  A crimson imp (D:4)
  A jelly (D:5)
  3 bullfrog skeletons
  A centaur skeleton (D:5)
  An orc priest (D:4)
  A gnoll shaman (D:5)
  An iguana (D:4)
  4 worker ants
  A howler monkey skeleton (D:5)
  7 gnolls (D:4)
  3 adders
  5 worms
  2 dart slugs
  5 leopard geckos
  2 orcs (D:4)
  3 ball pythons
  3 giant cockroaches
  11 hobgoblins
  4 jackals
  2 quokkas
  6 bats
  7 frilled lizards
  4 goblins
  42 kobolds
  A leopard gecko zombie (D:5)
  11 rats
143 creatures vanquished.

Notes
Turn   | Place    | Note
-------+----------+-------------------------------------------
     0 | D:1      | Homage the Formicid Fighter began the quest for the Orb.
     0 | D:1      | Reached XP level 1. HP: 18/18 MP: 1/1
    87 | D:1      | Reached XP level 2. HP: 15/24 MP: 2/2
   291 | D:1      | Reached skill level 3 in Long Blades
   464 | D:1      | Reached XP level 3. HP: 29/29 MP: 3/3
  1154 | D:2      | Reached XP level 4. HP: 24/35 MP: 4/4
  1155 | D:2      | Reached skill level 4 in Long Blades
  2219 | D:4      | Noticed an ogre
  2671 | D:4      | Noticed a big kobold
  2687 | D:4      | Killed a big kobold
  2687 | D:4      | Reached skill level 5 in Long Blades
  2687 | D:4      | Reached XP level 5. HP: 31/41 MP: 5/5
  2810 | D:4      | Noticed a big kobold
  2826 | D:4      | Killed a big kobold
  2826 | D:4      | Reached skill level 6 in Long Blades
  2826 | D:4      | Reached XP level 6. HP: 46/47 MP: 6/6
  2927 | D:4      | Reached skill level 7 in Long Blades
  2927 | D:4      | Reached XP level 7. HP: 6/52 MP: 7/7
  2930 | D:4      | HP: 2/52 [gnoll/spear (3)]
  3429 | D:4      | Reached skill level 8 in Long Blades
  3606 | D:4      | Reached XP level 8. HP: 28/58 MP: 8/8
  4143 | D:4      | Found Qeleidul's General Store.
  4149 | D:4      | Reached skill level 5 in Shields
  4262 | D:4      | Bought a potion of curing for 33 gold pieces
  4262 | D:4      | Bought a potion of degeneration for 11 gold pieces
  4262 | D:4      | Bought a scroll of identify for 22 gold pieces
  4262 | D:4      | Bought a scroll of identify for 22 gold pieces
  4433 | D:5      | Entered Level 5 of the Dungeon
  4621 | D:4      | Reached skill level 1 in Dodging
  4649 | D:5      | Gained mutation: Your flesh is cold resistant. (rC+) [potion of beneficial mutation]
  4661 | D:5      | Noticed Menkaure
  4746 | D:4      | Killed Menkaure
  5151 | D:5      | Noticed Duvessa
  5301 | D:5      | Noticed Dowan
  5312 | D:5      | Noticed a two-headed ogre
  5368 | D:4      | Killed Dowan
  5368 | D:4      | Reached XP level 9. HP: 8/64 MP: 9/9
  5369 | D:4      | HP: 3/64 [Duvessa/rapier (5)]
  5376 | D:4      | HP: 2/64 [Duvessa/rapier (3)]
  5381 | D:4      | HP: 1/64 [Duvessa/rapier (2)]
  5396 | D:4      | Slain by Duvessa

Skill      XL: |  1  2  3  4  5  6  7  8 |
---------------+-------------------------+-----
Long Blades    | 3 5 6 7 8 |  8.5
Shields        | 6 |  6.1
Dodging        | 4 |  4.0
Fighting       | |  3.2
Armour         | |  3.2

Action                   |  1- 3 |  4- 6 |  7- 9 || total
-------------------------+-------+-------+-------++-------
Melee: Long sword        |   128 |   141 |   301 ||   570
  Use: Scroll            |     5 |       |     3 ||     8
       Potion            |       |     1 |     5 ||     6
 Stab: Invisible         |       |       |     3 ||     3
  Eat: Chunk             |     1 |     6 |     8 ||    15
Armor: Scale mail        |    41 |       |       ||    41
       Chain mail        |    37 |   120 |    48 ||   205
       Plate armour      |       |       |   102 ||   102
Dodge: Dodged            |    42 |    37 |    63 ||   142
Block: Shield            |    83 |    99 |   149 ||   331
       Rpst.: Long sword |    10 |     8 |    21 ||    39
